AoeStats
← 落花之情

Nomad

503447368Analyzed
4v4 RM · 1mo ago on Aug 31, 2026· 38m 1s· 8 players
Game mode
Random Map
Map size
231×231
Population
200
Speed
Normal
Resources
Standard
Victory
Conquest
Starting age
Dark Age
Ending age
Imperial Age
RankedLock teamsTeams togetherTeam positionsShared explorationLock speedFull tech treeHidden civsTurbo modeCheats
Victory
Defeat
🇩🇪 Tupi · Germany
1636
+15
🇨🇳 Bengalis · China
1572
+18
🇨🇿 Bulgarians · Czechia
1489
+22
🇺🇸 Mongols · United States
1477
+22
🇷🇺 Lithuanians · Russia
1696
-23
🇷🇺 Bohemians · Russia
1643
-20
🇧🇾 Khmer · Belarus
1609
-19
🇵🇱 Berbers · Poland
1545
-16
Thundernips, The Ultimate Gigolo
4:38 Loom
12:59 Feudal Age
16:53 Castle Age
15:49 Fletching
23:11 Wheelbarrow
36:12 Bodkin Arrow
AndyThePro
5:08 Loom
14:29 Feudal Age
15:11 Double-Bit Axe
15:25 Fishing Lines
18:03 Castle Age
17:11 Fletching
17:22 Gold Mining
20:06 Bodkin Arrow
21:07 Bow Saw
28:10 Imperial Age
29:05 Bracer
30:41 Ballistics
31:59 Chemistry
33:08 Padded Archer Armor
39:14 Wheelbarrow
Sir Godua
5:51 Loom
15:24 Feudal Age
16:07 Double-Bit Axe
19:39 Castle Age
18:01 Scale Barding Armor
18:07 Forging
19:29 Fishing Lines
19:56 Fletching
20:43 Medium Warships
23:37 Husbandry
24:07 Bow Saw
26:27 Bodkin Arrow
34:03 Bloodlines
36:51 Horse Collar
37:48 Wheelbarrow
落花之情
12:31 Feudal Age
13:13 Double-Bit Axe
14:37 Fishing Lines
15:08 Fletching
18:04 Gold Mining
20:17 Castle Age
18:25 Loom
21:14 Medium Warships
21:23 Bow Saw
23:22 Wheelbarrow
23:43 Bodkin Arrow
23:54 Town Watch
24:35 Padded Archer Armor
24:52 Horse Collar
25:08 Gillnets
31:17 Heavy Plow
32:36 Hand Cart
33:22 Ballistics
35:15 Gold Shaft Mining
35:05 Caravan
37:46 Imperial Age
35:37 Leather Archer Armor
36:02 Stone Mining
36:35 Paiks
36:49 Bloodlines
36:41 Husbandry
37:50 Scale Barding Armor
38:19 Coinage
37:43 Gillnets
37:48 Elite Ratha (Ranged)
38:50 Conscription
38:30 Bracer
39:38 Chemistry
ageofbugs239
5:00 Loom
12:51 Feudal Age
13:23 Town Watch
16:39 Castle Age
15:15 Double-Bit Axe
17:40 Bow Saw
17:50 Medium Warships
33:12 Fletching
34:04 Bodkin Arrow
38:44 Wheelbarrow
[RUS-F] Dourdom
5:58 Loom
14:27 Feudal Age
18:01 Castle Age
17:43 Double-Bit Axe
29:18 Scale Barding Armor
31:01 Chain Barding Armor
31:07 Fishing Lines
32:30 Wheelbarrow
32:05 Forging
[RUS-F]vov_chesn
9:11 Loom
12:57 Feudal Age
13:46 Double-Bit Axe
17:02 Fletching
17:52 Horse Collar
22:50 Castle Age
23:27 Bodkin Arrow
22:55 Crossbowman
24:02 Bow Saw
34:43 Ballistics
[RUS-F]Believe_me
4:54 Loom
12:00 Feudal Age
12:59 Town Watch
13:02 Double-Bit Axe
14:58 Fletching
21:03 Castle Age
21:21 Bloodlines
22:50 Bow Saw
23:10 Husbandry
26:20 Horse Collar
33:43 Scale Barding Armor
34:45 Wheelbarrow
35:33 Chain Barding Armor
35:36 Forging
36:20 Wheelbarrow
35:11 Light Cavalry
36:20 Gold Mining
Connection lost

Rejoining the realm…

Still unreachable

The connection could not be restored.

Session expired

The server has moved on; the page needs a fresh start.